 Dungeon Crawl Stone Soup version 0.29-a0-994-gc5c9f59d18 (webtiles) character file.

Game seed: 9446491583702559075

2 IdlyInterested the Caller (level 1, -1/15 HPs)
             Began as a Demonspawn Wanderer on Aug 3, 2022.
             Slain by a kobold
             ... wielding a +0 dagger
              (2 damage)
             ... on level 1 of the Dungeon.
             The game lasted 00:01:10 (66 turns).

IdlyInterested the Caller (Demonspawn Wanderer)       Turns: 66, Time: 00:01:10

Health: -1/15      AC:  3    Str: 10    XL:     1   Next: 33%
Magic:  0/4        EV: 11    Int: 14    God:
Gold:   0          SH:  0    Dex: 13    Spells: 5/6 levels left

rFire   . . .      SeeInvis .   e - +0 spear
rCold   . . .      Faith    .   (no shield)
rNeg    . . .      Spirit   .   c - +0 robe
rPois   .          Reflect  .   (no helmet)
rElec   .          Harm     .   (no cloak)
rCorr   .          Rampage  .   (no gloves)
Will    .....                   d - +0 pair of boots
Stlth   ++........              (no amulet)
HPRegen 0.05/turn               (no ring)
MPRegen 0.09/turn               (no ring)

@: no status effects
A: no striking features
a: no special abilities


You were on level 1 of the Dungeon.
You visited 1 branch of the dungeon, and saw 1 of its levels.

Inventory:

Hand Weapons
 a - a +0 dagger
 e - a +0 spear (weapon)
Armour
 c - a +0 robe (worn)
 d - a +0 pair of boots (worn)
Scrolls
 b - a scroll of blinking


   Skills:
 + Level 1.1 Fighting
 + Level 1.8 Throwing
 - Level 1.0 Stealth
 - Level 3.0 Spellcasting
 * Level 3.1 Summonings


You had 5 spell levels left.
You knew the following spells:

 Your Spells              Type           Power      Damage    Failure   Level
a - Summon Small Mammal   Summ           40%        N/A       6%          1

Your spell library contained the following spells:

 Spells                   Type           Power      Damage    Failure   Level
 Summon Guardian Golem    Hex/Summ       6%         N/A       34%         3
 Summon Lightning Spire   Summ/Air       6%         N/A       75%         4


Dungeon Overview and Level Annotations

Branches:
Dungeon (1/15)

Altars:


Message History

You kill the jackal!
The jackal bites your bat.
Your bat misses the jackal. The jackal closely misses your bat.
Your magical contamination has completely faded away.
Your bat barely misses the jackal.
The jackal barely misses your bat.
Your bat hits the jackal but does no damage.
The jackal bites your bat.
Your bat dies!
Your bat's corpse disappears in a puff of smoke!
Casting: Summon Small Mammal (safe; 6% risk of failure)
Press: ? - help, Q - select action Dir - look around, f - activate Your bat hits the jackal but does no damage.
The jackal bites your bat but does no damage.
Your bat barely misses the jackal.
The jackal completely misses your bat.
Your bat hits the jackal but does no damage.
Your bat hits the jackal but does no damage.
The jackal bites your bat.
Your bat closely misses the jackal.
The jackal bites your bat.
Your bat dies!
Your bat's corpse disappears in a puff of smoke!
Your rat bites the jackal.
You closely miss the jackal.
The jackal is severely wounded.
The jackal bites you.
* * * LOW HITPOINT WARNING * * *
Your rat bites the jackal.
You barely miss the jackal.
The jackal is almost dead.
The jackal barely misses you.
The jackal bites you but does no damage.
Your rat barely misses the jackal.
You closely miss the jackal.
The jackal is almost dead.
The jackal misses you.
Your rat bites the jackal.
The jackal dies!
Casting: Summon Small Mammal (safe; 6% risk of failure)
Press: ? - help, Q - select action Dir - look around, f - activate Your rat closely misses the kobold.
The kobold attacks as you move away! The kobold hits you with a +0 dagger.
You die...

..........##
..)........#
...........##...
#+#+##
.#####...K.....
#....#
##..#ยง...#..
#.<..#
#.K##h...#
###.### #.h#
.b...#
#..r#####h##
...|.#
##b@KKh.#.#
K.....#
######...#
......# ##..#
.....## ....#
###..# ##..#
.... #####


You could see a jackal, 2 kobolds, a friendly bat (summoned) and a friendly rat
(summoned).

Vanquished Creatures
  A jackal (D:1)
1 creature vanquished.

Vanquished Creatures (collateral kills)
  A jackal (D:1)
1 creature vanquished.

Grand Total: 2 creatures vanquished

Notes
Turn   | Place    | Note
-------+----------+-------------------------------------------
     0 | D:1      | IdlyInterested the Demonspawn Wanderer began the quest for
                  | the Orb.
     0 | D:1      | IdlyInterested set off with the following items: a +0
                  | dagger, a scroll of blinking, a +0 robe, a +0 pair of
                  | boots; and the following spell memorised: Summon Small
                  | Mammal; and the following spells available to memorise:
                  | Summon Guardian Golem, Summon Lightning Spire.
     0 | D:1      | Reached XP level 1. HP: 15/15 MP: 4/4
    66 | D:1      | Slain by a kobold

Illustrated notes

Levels and vault maps discovered:
D:1:      dpeg_arrival_ratfight, layout_rooms, minmay_misc_feat_iff, st_stairs_9

Action                   || total
-------------------------++-------
Melee: Spear             ||    11
 Cast: Summon Small Mamm ||     6
 Stab: Distracted        ||     1
Armor: Robe              ||     6
Dodge: Dodged            ||    16

Table legend: (Time is in decaauts)
 A = Elapsed time spent in this place.
 B = Non-inter-level travel time spent in this place.
 C = Inter-level travel time spent in this place.
 D = Time resting spent in this place.
 E = Time spent auto-exploring this place.
 F = Levels seen in this place.
 G = Mean time per level.
                   A        B        C        D        E       F      G
               +--------+--------+--------+--------+--------+-----+--------+
         Total |     66 |     66 |      0 |      0 |     10 |   1 |   66.0 |
       Dungeon |     66 |     66 |      0 |      0 |     10 |   1 |   66.0 |
               +--------+--------+--------+--------+--------+-----+--------+

Top non-repeatable levels by time:
     D:1: 66 daAuts
